 Dungeon Crawl Stone Soup version 0.23.2-1-ga50397a (webtiles) character file.

Game seed: 16168754414995779114

81 xveg the Sneak (level 4, 0/34 HPs)
             Began as a Human Assassin on May 7, 2019.
             Slain by an adder (1 damage)
             ... on level 3 of the Dungeon.
             The game lasted 00:05:09 (2216 turns).

xveg the Sneak (Human Assassin)                     Turns: 2216, Time: 00:05:09

Health: 0/34       AC:  6    Str: 11    XL:     4   Next: 68%
Magic:  4/4        EV: 10    Int: 11    God:
Gold:   134        SH:  0    Dex: 16    Spells: 3/3 levels left

rFire    + . .     SeeInvis .   a - +2 dagger
rCold    x . .     Gourm    .   (no shield)
rNeg     . . .     Faith    .   i - +0 ring mail {rPois}
rPois    +         Spirit   .   (no helmet)
rElec    .         Reflect  .   d - +0 cloak
rCorr    .         Harm     .   (no gloves)
MR       .....                  (no boots)
Stlth    ++........             (no amulet)
HPRegen  0.11/turn              q - ring of fire
MPRegen  0.09/turn              (no ring)

@: lethally poisoned (0 -> -2), drained
A: no striking features
a: no special abilities


You were on level 3 of the Dungeon.
You were hungry.

You visited 1 branch of the dungeon, and saw 3 of its levels.

You collected 134 gold pieces.

Inventory:

Hand Weapons
 a - a +2 dagger (weapon)
 b - a +0 blowgun
 u - a +1 whip of draining
Missiles
 e - 7 poisoned needles
 f - 2 curare-tipped needles
Armour
 c - a +1 robe
 d - a +0 cloak (worn)
 i - a +0 ring mail of poison resistance (worn)
Jewellery
 q - a ring of fire (left hand)
Scrolls
 l - 2 scrolls of teleportation
 n - 2 scrolls of fear
Potions
 h - a potion of flight {unknown}
 j - a potion of degeneration {unknown}
 k - 2 potions of curing {unknown}
 m - a potion of brilliance {unknown}
 o - a potion of lignification {unknown}
 p - 2 potions of berserk rage {unknown}
 s - a potion of invisibility {unknown}
 t - a potion of haste
Comestibles
 g - 5 rations


   Skills:
 + Level 2.3(1.8) Fighting
 + Level 3.0(2.4) Short Blades
 + Level 2.3(1.7) Throwing
 + Level 1.3(0.7) Dodging
 + Level 4.9(4.2) Stealth


You had 3 spell levels left.
You didn't know any spells.
Your spell library was empty.

Dungeon Overview and Level Annotations

Branches:
Dungeon (3/15)

Altars:
Sif Muna


Message History

The adder closely misses you. The kobold hits you but does no damage.
You hit the adder but do no damage.
The adder is almost dead.
The adder barely misses you. The adder bites you but does no damage.
The kobold hits you with a +0 short sword.
The adder bites you.
* * * LOW HITPOINT WARNING * * *
You feel sick. The kobold barely misses you. The adder misses you.
You feel sick. The adder bites you but does no damage.
You hit the adder.
You kill the adder!
The adder bites you.
* * * LOW HITPOINT WARNING * * *
The kobold throws a stone.
The stone closely misses you. The adder bites you.
* * * LOW HITPOINT WARNING * * *
* * * LOW HITPOINT WARNING * * *
You feel sick. The adder bites you.
You die...

.# # .... .# .#
.>#......# .##.
..............
#......^#...##
.#............####
.....(...##.#....#
#.......(..##...
.##.......@S....#
.....(.<.(K...###
.#...........##
#.......(...#
##.....(..†.#
#.........).#
#..............
.............#....
.###.###...###.##.#


You could see an adder and a kobold.

Vanquished Creatures
  2 adders
  An ooze (D:1)
  2 worms (D:2)
  A dart slug (D:1)
  2 leopard geckos
  An orc (D:3)
  2 giant cockroaches (D:2)
  6 goblins
  11 hobgoblins
  A quokka (D:2)
  4 bats
  5 frilled lizards
  4 kobolds
  4 rats (D:2)
46 creatures vanquished.

Notes
Turn   | Place    | Note
-------+----------+-------------------------------------------
     0 | D:1      | xveg the Human Assassin began the quest for the Orb.
     0 | D:1      | Reached XP level 1. HP: 16/16 MP: 1/1
   330 | D:1      | Reached XP level 2. HP: 19/22 MP: 2/2
   495 | D:1      | Reached XP level 3. HP: 27/27 MP: 3/3
  1146 | D:2      | Reached XP level 4. HP: 6/33 MP: 4/4
  1181 | D:2      | HP: 1/33 [hobgoblin/+0 club (1)]
  1780 | D:2      | Found a deep blue altar of Sif Muna.
  2216 | D:3      | HP: 1/34 [poisoned by an orc]
  2216 | D:3      | Slain by an adder

Skill      XL: |  1  2  3  4 |
---------------+-------------+-----
Short Blades   | 3 |  3.0
Fighting       | |  2.3
Throwing       | |  2.3
Dodging        | |  1.3
Stealth        | |  4.9

Action                   |  1- 3 |  4- 6 || total
-------------------------+-------+-------++-------
Melee: Dagger            |    70 |    59 ||   129
 Fire: Blowgun           |       |     4 ||     4
  Use: Scroll            |     2 |     3 ||     5
 Stab: Sleeping          |     6 |     4 ||    10
  Eat: Ration            |       |     1 ||     1
Armor: Robe              |    18 |     7 ||    25
       Ring mail         |       |    19 ||    19
Dodge: Dodged            |    52 |    40 ||    92
